 Dungeon Crawl Stone Soup version 0.28.0 (webtiles) character file.

Game seed: 1840299541343899512

1459 4FPSwarrior the Summoner (level 8, 0/96 HPs)
             Began as a Barachi Summoner on Feb 16, 2022.
             Slain by a small abomination (10 damage)
             ... on level 1 of the Abyss.
             The game lasted 00:30:59 (7635 turns).

4FPSwarrior the Summoner (Barachi Summoner)         Turns: 7635, Time: 00:30:59

Health: 0/96       AC:  7    Str: 11    XL:     8   Next: 76%
Magic:  16/16      EV: 12    Int: 16    God:
Gold:   30         SH:  0    Dex: 19    Spells: 4/17 levels left

rFire   . . .      SeeInvis .   a - +4 whip (drain)
rCold   . . .      Faith    .   (no shield)
rNeg    . . .      Spirit   .   t - +2 robe "Wunugh" {Fly rPois Dex+6}
rPois   +          Reflect  .   e - +0 helmet
rElec   .          Harm     .   o - +0 cloak
rCorr   .          Rampage  .   (no gloves)
Will    .....                   q - +0 pair of boots
Stlth   ..........              (no amulet)
HPRegen 0.26/turn               (no ring)
MPRegen 0.15/turn               (no ring)

@: berserking (expiring), flying, quick
A: amphibious, slowness 1, strong legs 1, +LOS
a: Hop


You were on level 1 of the Abyss.
You visited 1 branch of the dungeon, and saw 8 of its levels.
You visited the Abyss 1 time.

You collected 261 gold pieces.
You spent 231 gold pieces at shops.

Inventory:

Hand Weapons
 a - a +4 whip of draining (weapon)
 b - a +0 hand crossbow of freezing
 l - a +2 dagger of venom
 n - a +1 dagger of pain
Missiles
 c - 4 boomerangs
 w - 49 bolts
Armour
 e - a +0 helmet (worn)
 o - a +0 cloak (worn)
 q - a +0 pair of boots (worn)
 t - the +2 robe "Wunugh" (worn) {Fly rPois Dex+6}
   (You found it on level 4 of the Dungeon)

   Dex:       It affects your dexterity (+6).
   rPois:     It protects you from poison.
   Fly:       It grants you flight.
Magical Staves
 j - a staff of air
Jewellery
 r - an amulet of regeneration
Wands
 v - a wand of charming (9)
Scrolls
 d - a scroll of fear {unknown}
 f - a scroll of enchant armour {unknown}
 h - a scroll of immolation {unknown}
 k - a scroll of torment {unknown}
 m - a scroll of blinking {unknown}
 s - a scroll of holy word {unknown}
 x - a scroll of fog {unknown}
Potions
 i - a potion of flight
 u - a potion of magic


   Skills:
 + Level 5.6 Fighting
 + Level 2.5 Crossbows
 - Level 3.5 Throwing
 - Level 2.1 Dodging
 - Level 1.7 Stealth
 + Level 5.4 Spellcasting
 + Level 1.2 Hexes
 * Level 8.6 Summonings
 + Level 1.1 Air Magic


You had 4 spell levels left.
You knew the following spells:

 Your Spells              Type           Power      Damage    Failure   Level
a - Summon Small Mammal   Summ           100%       N/A       1%          1
b - Call Imp              Summ           31%        N/A       1%          2
c - Call Canine Familiar  Summ           31%        N/A       1%          3
d - Summon Guardian Gole  Hex/Summ       20%        N/A       6%          3
e - Summon Lightning Spi  Summ/Air       19%        N/A       21%         4

Your spell library contained the following spells:

 Spells                   Type           Power      Damage    Failure   Level
 Sublimation of Blood     Necr           4%         N/A       22%         2
 Wereblood                Tmut           4%         N/A       22%         2
 Summon Hydra             Summ           15%        N/A       98%         7
 Chain Lightning          Conj/Air       3%         3d4       100%        9
 Fire Storm               Conj/Fire      2%         8d1       100%        9
 Shatter                  Erth           2%         3d6*      100%        9


Dungeon Overview and Level Annotations

Branches:
Dungeon (9/15)
 Temple: D:4-7         Lair: D:8-11         Orc: D:9-12

Altars:
Ashenzari
Dithmenos
Gozag
Trog
Xom

Shops:
D:4 (   D:5 *[!?

Annotations:
D:8 Grum
D:9 Pikel


Innate Abilities, Weirdness & Mutations

You are amphibious.
You cover ground slowly.
You can hop short distances.
You have an extended range of vision and can be seen from far away.


Message History

You feel yourself moving faster!
You feel mighty!
The thrashing horror closely misses you. x2
The thrashing horror tramples you!
You hold your ground!
The thrashing horror completely misses you.
You whack the thrashing horror!
The thrashing horror is moderately damaged.
The thrashing horror closely misses you.
The thrashing horror tramples you but does no damage.
You whack the thrashing horror!
The thrashing horror is heavily damaged.
The thrashing horror tramples you.
You hold your ground!
The thrashing horror tramples you.
You hold your ground!
The thrashing horror tramples you.
You hold your ground!
The thrashing horror completely misses you.
You barely miss the thrashing horror.
The thrashing horror is heavily damaged.
The thrashing horror tramples you but does no damage. x2
The thrashing horror roars!
The thrashing horror tramples you!
You hold your ground!
The thrashing horror barely misses you. The small abomination hits you.
You barely miss the small abomination. The small abomination hits you.
You completely miss the small abomination.
The small abomination hits you.
You barely miss the small abomination. The small abomination hits you!
* * * LOW HITPOINT WARNING * * *
You barely miss the small abomination. The small abomination hits you.
* * * LOW HITPOINT WARNING * * *
You hit the small abomination but do no damage.
The small abomination hits you!
* * * LOW HITPOINT WARNING * * *
You whack the small abomination!
The small abomination is moderately damaged.
The small abomination barely misses you.
You hit the small abomination.
The small abomination is heavily damaged.
The small abomination closely misses you.
You hit the small abomination.
The small abomination is severely damaged.
The small abomination hits you!
You die...

# #####
.. #x@.#
# . #####
# #.
.#..X#.
.. # .# .
.##. # ..
...#.. .#
#
...#.#.#
.
..#.#∩#..
. . ##.##
#.# ##
#.. ...


You could see a small abomination.

Vanquished Creatures
  A ynoxinul (Abyss:1)
  A yak (D:4)
  An ice beast (D:5)
  An ogre (D:5)
  A centaur (D:9)
  An orc priest (D:6)
  An orc wizard (D:4)
  2 adders
  4 gnolls (D:3)
  An ufetubus (D:4)
  3 dart slugs
  9 orcs
  2 endoplasms
  2 giant cockroaches
  5 goblins
  3 hobgoblins
  3 jackals
  5 bats
  2 frilled lizards (D:3)
  9 kobolds
  A rat (D:3)
58 creatures vanquished.

Vanquished Creatures (collateral kills)
  Menkaure (D:5)
  A water moccasin (D:6)
  A black bear (D:5)
  2 ogres (D:5)
  A phantom (D:5)
  A kobold brigand (D:5)
  A scorpion (D:4)
  A water moccasin skeleton (D:5)
  A hound (D:5)
  2 orc wizards
  A hound skeleton (D:5)
  3 adders
  A worm (D:3)
  A dart slug (D:1)
  8 orcs
  2 bats
  6 endoplasms
  A goblin (D:1)
  3 hobgoblins (D:3)
  8 jackals
  6 kobolds
  3 quokkas
55 creatures vanquished.

Vanquished Creatures (others)
  A plant (D:4)
1 creature vanquished.

Grand Total: 114 creatures vanquished

Notes
Turn   | Place    | Note
-------+----------+-------------------------------------------
     0 | D:1      | 4FPSwarrior the Barachi Summoner began the quest for the
                  | Orb.
     0 | D:1      | Reached XP level 1. HP: 13/13 MP: 3/3
   223 | D:1      | Reached skill level 5 in Summonings
   223 | D:1      | Reached XP level 2. HP: 18/20 MP: 1/5
   294 | D:1      | Reached skill level 1 in Fighting
   777 | D:1      | Reached XP level 3. HP: 26/26 MP: 6/6
  1444 | D:2      | Learned a level 2 spell: Call Imp
  1465 | D:2      | Reached skill level 1 in Throwing
  2108 | D:2      | Found an opulent altar of Gozag.
  2926 | D:3      | Reached XP level 4. HP: 33/33 MP: 8/8
  3198 | D:3      | Found an opulent altar of Gozag.
  3579 | D:3      | Learned a level 3 spell: Call Canine Familiar
  3618 | D:4      | Found a shimmering altar of Xom.
  3626 | D:4      | Found a broken altar of Ashenzari.
  3642 | D:4      | Noticed a scorpion
  3772 | D:4      | Reached XP level 5. HP: 39/39 MP: 2/9
  4462 | D:4      | Identified the +2 robe "Wunugh" {Fly rPois Dex+6}
  4579 | D:4      | Reached skill level 6 in Summonings
  4579 | D:4      | Reached XP level 6. HP: 47/47 MP: 3/11
  4736 | D:4      | Found Ynoevvim's Antique Weapon Shoppe.
  4847 | D:4      | Found a shadowy altar of Dithmenos.
  5156 | D:4      | Bought a glowing hand crossbow for 182 gold pieces
  5322 | D:5      | Entered Level 5 of the Dungeon
  5390 | D:5      | Noticed a black bear
  5401 | D:5      | Killed a black bear
  5416 | D:5      | Noticed Menkaure
  5421 | D:5      | HP: 2/47 [Menkaure (23)]
  5426 | D:5      | Killed Menkaure
  5427 | D:5      | Reached XP level 7. HP: 15/54 MP: 13/13
  6305 | D:5      | Reached skill level 7 in Summonings
  6388 | D:5      | Reached skill level 1 in Crossbows
  6398 | D:5      | Reached XP level 8. HP: 60/61 MP: 15/15
  6549 | D:5      | Reached skill level 5 in Fighting
  6672 | D:5      | Reached skill level 5 in Spellcasting
  6753 | D:5      | Noticed a yak
  6763 | D:5      | Noticed a yak
  6766 | D:5      | Noticed a yak
  6778 | D:5      | Noticed a yak
  6857 | D:4      | Killed a yak
  6858 | D:4      | Reached skill level 8 in Summonings
  6972 | D:5      | Learned a level 3 spell: Summon Guardian Golem
  6977 | D:5      | Learned a level 4 spell: Summon Lightning Spire
  7020 | D:5      | Found Gyobruzi's Armour Shoppe.
  7020 | D:5      | Found Nufowaj's Assorted Antiques.
  7020 | D:5      | Found Xikhezul's Magic Scroll Shoppe.
  7024 | D:5      | Found Zit Ran's Distillery.
  7026 | D:5      | Bought a +0 helmet for 49 gold pieces
  7147 | D:6      | Found a bloodstained altar of Trog.
  7169 | D:6      | Reached skill level 1 in Hexes
  7296 | D:6      | You are sucked into a shaft and drop 3 floors!
  7302 | D:9      | Reached skill level 1 in Air Magic
  7475 | D:9      | Noticed Pikel
  7486 | D:8      | Noticed Grum
  7488 | D:8      | Cast into level 1 of the Abyss (Grum)
  7552 | Abyss:1  | Noticed a thrashing horror
  7569 | Abyss:1  | Noticed a large abomination
  7570 | Abyss:1  | Noticed a large abomination
  7592 | Abyss:1  | Noticed a ynoxinul
  7622 | Abyss:1  | Killed a ynoxinul
  7635 | Abyss:1  | Slain by a small abomination

Illustrated notes

Levels and vault maps discovered:
D:1:      minmay_arrival_doors, layout_loops_corners, serial_aquarium,
          aquarium_bridge_island_small [aquarium_subvault_small_open,
          aquarium_subvault_window, aquarium_subvault_window,
          aquarium_subvault_bridge, aquarium_subvault_bridge],
          aquarium_window_1, aquarium_window_fake, aquarium_window_corridor_2,
          aquarium_view_2a, aquarium_view_2f
D:2:      layout_basic, basic_altar
D:3:      layout_basic, nicolae_gozag_cash_rules_everything_around_me,
          amcnicky_mini_corridor_feature, minmay_misc_feat_chi
D:4:      layout_rooms, nicolae_ashenzari_panopticon,
          mainiacjoe_overflow_six_doors_small, amcnicky_altar_gilded,
          serial_shops, nicolae_shop_overgrown_old_shop
D:5:      kennysheep_windowed_halls, layout_basic,
          gammafunk_temple_overflow_claw, st_stairs_1, minmay_shop_grid_forest,
          uniq_eustachio, uniq_menkaure
D:6:      layout_cave_pools, mainiacjoe_overflow_tiny_flanked, temple_doors_e,
          uniq_edmund
D:8:      layout_loops_ring, nicolae_uskayaw_dance_studio, uniq_psyche,
          uniq_grum
D:9:      layout_basic, nemelex_diamond_rough_becter, ebering_ghost_inner_flame,
          uniq_pikel, uniq_maggie
Abyss:1:  base: D:1, base:
D:1

Skill      XL: |  1  2  3  4  5  6  7  8 |
---------------+-------------------------+-----
Summonings     | 5 6 7 8 |  8.6
Fighting       | 1 2 3 4 5 |  5.6
Throwing       | 1 2 3 |  3.5
Spellcasting   | 3 4 5 |  5.4
Crossbows      | 1 2 |  2.5
Hexes          | 1 |  1.2
Air Magic      | 1 |  1.1
Dodging        | |  2.1
Stealth        | |  1.7

Action                   |  1- 3 |  4- 6 |  7- 9 || total
-------------------------+-------+-------+-------++-------
Melee: Dagger            |     7 |       |       ||     7
       Whip              |    40 |    73 |    75 ||   188
       Punch             |       |       |     1 ||     1
 Fire: Hand crossbow     |       |       |    16 ||    16
 Cast: Summon Small Mamm |    25 |    13 |    11 ||    49
       Call Imp          |    10 |    23 |    20 ||    53
       Call Canine Famil |       |     3 |    19 ||    22
 Abil: Hop               |       |     1 |     1 ||     2
  Use: Scroll            |     1 |     4 |     4 ||     9
       Potion            |       |     3 |     1 ||     4
 Stab: Sleeping          |     1 |       |     1 ||     2
       Distracted        |       |       |     1 ||     1
Armor: Leather armour    |    16 |     2 |       ||    18
       Ring mail         |       |    14 |       ||    14
       Robe              |       |     7 |    32 ||    39
Dodge: Dodged            |    41 |    45 |    70 ||   156
